 Dungeon Crawl Stone Soup version 0.31.0-32-g396128a36d (webtiles) character file.

Game seed: 10183192766883759338

1559 monsoonserge the Ruffian (level 8, -17/61 HPs)
             Began as a Gnoll Shapeshifter on Apr 3, 2024.
             Was an Initiate of Elyvilon.
             Killed from afar by a steam dragon (19 damage)
             ... with a ball of steam
             ... on level 6 of the Dungeon.
             The game lasted 00:13:46 (4307 turns).

monsoonserge the Ruffian (Gnoll Shapeshifter)       Turns: 4307, Time: 00:13:47

Health: -17/61     AC:  3    Str: 22    XL:     8   Next: 89%
Magic:  13/13      EV: 23    Int:  9    God:    Elyvilon [......]
Gold:   338        SH:  0    Dex: 12    Spells: 14/14 levels left

rFire   . .          .
                       - Unarmed
rCold   . . .        x - melded +0 buckler
rNeg    . . .        t - melded +1 leather armour {rC+}
rPois   .            k - +0 helmet
rElec   .            v - scarf {repulsion}
rCorr   .            (no gloves)
SInv    .            r - +1 pair of boots {Fly}
Will    .....        (no amulet)
Stlth   +            j - +6 ring of strength
HPRegen 0.30/turn    m - +5 ring of evasion
MPRegen 0.13/turn

%: repel missiles
@: flux-form, flying, glowing
A: glow, contaminating, fangs 1, strong nose, distributed training
a: Begin Untransformation, Renounce Religion


You were on level 6 of the Dungeon.
You worshipped Elyvilon.
Elyvilon was noncommittal.
You were something dangerously unstable.
You visited 2 branches of the dungeon, and saw 7 of its levels.

You collected 338 gold pieces.

Inventory:

Missiles
 a - 2 curare-tipped darts
 w - 2 boomerangs
 y - a throwing net
 F - 4 poisoned darts
Armour
 f - a +0 ring mail
 k - a +0 helmet (worn)
 r - a +1 pair of boots of flying (worn)
 t - a +1 leather armour of cold resistance (melded)
 v - a scarf of repulsion (worn)
 x - a +0 buckler (melded)
Jewellery
 j - a +6 ring of strength (left hand)
 m - a +5 ring of evasion (right hand)
 n - a +6 ring of dexterity
Talismans
 c - a beast talisman
 d - a flux talisman (active)
Wands
 q - a wand of flame (10) (quivered)
 s - a wand of roots (6)
Scrolls
 e - 3 scrolls of amnesia {unknown}
 g - 3 scrolls of immolation
 i - a scroll of brand weapon
 l - a scroll of torment
 o - a scroll of noise {unknown}
 p - 2 scrolls of fear
 u - a scroll of teleportation {unknown}
 C - a scroll of poison {unknown}
 D - a scroll of silence {unknown}
 E - a scroll of enchant weapon {unknown}
Potions
 b - 3 potions of lignification
 h - 2 potions of might {unknown}
 z - 2 potions of enlightenment
 A - a potion of mutation {unknown}
 B - a potion of ambrosia {unknown}


   Skills:
 + Level 4.6 Fighting
 + Level 3.8 Short Blades
 + Level 3.8 Long Blades
 + Level 3.8 Axes
 + Level 3.8 Maces & Flails
 + Level 3.8 Polearms
 + Level 3.8 Staves
 + Level 3.8 Ranged Weapons
 + Level 3.8 Throwing
 + Level 3.8 Armour
 + Level 6.0 Dodging
 + Level 3.8 Stealth
 + Level 3.8 Shields
 + Level 7.6 Unarmed Combat
 + Level 3.8 Spellcasting
 + Level 3.1 Conjurations
 + Level 3.1 Hexes
 + Level 3.1 Summonings
 + Level 3.1 Necromancy
 + Level 3.1 Translocations
 + Level 3.1 Fire Magic
 + Level 3.1 Ice Magic
 + Level 3.1 Air Magic
 + Level 3.1 Earth Magic
 + Level 3.1 Alchemy
 + Level 4.2 Invocations
 + Level 3.8 Evocations
 + Level 7.4 Shapeshifting


You had 14 spell levels left.
You didn't know any spells.
Your spell library contained the following spells:

 Spells                   Type           Power      Damage    Failure   Level
 Freeze                   Ice            28%        1d5       8%          1
 Kiss of Death            Conj/Necr      28%        2d7       8%          1
 Shock                    Conj/Air       28%        1d4       8%          1
 Slow                     Hex            28%        N/A       8%          1
 Lesser Beckoning         Tloc           14%        N/A       12%         2
 Confusing Touch          Hex            7%         N/A       22%         3
 Gell's Gravitas          Tloc           7%         N/A       22%         3
 Sigil of Binding         Hex            7%         N/A       22%         3
 Swiftness                Air            7%         N/A       22%         3
 Teleport Other           Tloc           7%         N/A       22%         3
 Vampiric Draining        Necr           7%         2d6       22%         3
 Airstrike                Air            3%         2d(1-17)  58%         4
 Dispel Undead            Necr           7%         3d8       58%         4
 Summon Blazeheart Golem  Fire/Summ      7%         N/A       58%         4
 Orb of Destruction       Conj           3%         9d5       100%        7
 Spellforged Servitor     Conj/Summ      3%         N/A       100%        7


Dungeon Overview and Level Annotations

Branches:
Dungeon (6/15)             Temple (1/1) D:5

Altars:
Cheibriados
Dithmenos
Elyvilon
Fedhas
Gozag
Hepliaklqana
Makhleb
Nemelex Xobeh
Okawaru
Qazlal
Ru
Sif Muna
Trog
Vehumet
Wu Jian
Xom
Yredelemnul
Zin
The Shining One

Shops:
D:5 :   D:6 [


Innate Abilities, Weirdness & Mutations

You are something dangerously unstable.
You glow with magical radiation, making you easy to see and hit.
Foes you strike become dangerously contaminated with magical radiation.
You are incapable of wielding weapons or throwing items.
You have very sharp teeth.
Your uncanny sense of smell can sniff out nearby items.
Your experience applies equally to all skills.


Message History

The orc completely misses you.
The orc warrior hits you from afar with a +0 halberd.
You hit the orc.
The orc glows dangerously bright.
The orc is almost dead.
The orc completely misses you. The orc warrior closely misses you.
You hit the orc but do no damage.
The orc shudders as magic cascades through it!
You kill the orc!
The orc warrior hits you from afar with a +0 halberd!
The orc wizard gestures wildly while chanting.
The orc wizard flickers and vanishes!
Deactivating autopickup; reactivate with Ctrl-A.
The steam dragon breathes steam at you. The ball of steam misses you.
Things that are here:
a +0 flail; a +0 scale mail; an orc corpse The orc warrior hits you from afar with a +0 halberd!
The steam dragon breathes steam at you. The ball of steam hits you!
You are engulfed in a cloud of scalding steam.
You see here a +0 hand axe.
You are engulfed in a cloud of scalding steam.
Things that are here:
a +0 giant club; an ogre skeleton
Items here: )) [ ÷ †.
The steam dragon breathes steam at you. The ball of steam misses you.
You hear a shout! x2
You hear a shout!
The orc is engulfed in a cloud of scalding steam.
The orc wizard gestures wildly while chanting.
The orc wizard flickers and vanishes!
The steam dragon breathes steam at you. The ball of steam hits you!
* * * LOW HITPOINT WARNING * * *
You are engulfed in a cloud of scalding steam.
* * * LOW HITPOINT WARNING * * *
The steam dragon breathes steam at you. The ball of steam hits you!!
You die...

#.# #.###### #.# .......#.# #.#
#.# #.# .......#.# #.# #.#
###.###.......#.### #.#
#.######.............'.... #.#
#.##.......###.......#.### #.#
#.##.....### ########.# #.#
#.##..################.# #.#
#...>.....§§§.D§o......###
#.##########8..p8#####§.§#####..
#.....#...............o.§.){##..
#####.#(##8...>..#######§##)#...
#.#..........# #.oo)#...
#.#.8...∩...8# ###...§..
#.#........#### ##.....
#.#...<.).8...# #.....
#.#...........# #.....
#.#.8...8.....# #.#...


You could see an orc.

Vanquished Creatures
  Grinder (D:3)
  Duvessa (D:5)
  A water moccasin (D:5)
  2 black bears (D:5)
  3 ogres
  A centaur (D:6)
  A scorpion (D:6)
  Dowan (D:5)
  A bombardier beetle (D:3)
  A hound (D:2)
  2 jellies
  Jessica (D:2)
  Ijyb (D:3)
  4 iguanas
  2 orc wizards
  A gnoll (D:3)
  7 adders
  2 white imps
  2 ufetubi (D:5)
  A ribbon worm (D:3)
  4 dart slugs
  12 orcs
  9 bats
  11 endoplasms
  5 giant cockroaches
  6 hobgoblins
  7 kobolds
  12 quokkas
  10 ball pythons
  4 frilled lizards
  10 goblins
  4 rats
130 creatures vanquished.

Notes
Turn   | Place    | Note
-------+----------+-------------------------------------------
     0 | D:1      | monsoonserge the Gnoll Shapeshifter began the quest for the
                  | Orb.
     0 | D:1      | Reached XP level 1. HP: 17/17 MP: 1/1
   107 | D:1      | Reached XP level 2. HP: 20/23 MP: 2/2
   549 | D:1      | Reached XP level 3. HP: 28/28 MP: 3/3
   777 | D:1      | Reached skill level 1 in Invocations
   953 | D:2      | Reached skill level 1 in Short Blades
   953 | D:2      | Reached skill level 1 in Long Blades
   953 | D:2      | Reached skill level 1 in Axes
   953 | D:2      | Reached skill level 1 in Maces & Flails
   953 | D:2      | Reached skill level 1 in Polearms
   953 | D:2      | Reached skill level 1 in Staves
   953 | D:2      | Reached skill level 1 in Ranged Weapons
   953 | D:2      | Reached skill level 1 in Throwing
   953 | D:2      | Reached skill level 1 in Armour
   953 | D:2      | Reached skill level 1 in Stealth
   953 | D:2      | Reached skill level 1 in Shields
   953 | D:2      | Reached skill level 1 in Spellcasting
   953 | D:2      | Reached skill level 1 in Evocations
   980 | D:2      | Reached XP level 4. HP: 34/34 MP: 5/5
  1068 | D:2      | Reached skill level 1 in Conjurations
  1068 | D:2      | Reached skill level 1 in Hexes
  1068 | D:2      | Reached skill level 1 in Summonings
  1068 | D:2      | Reached skill level 1 in Necromancy
  1068 | D:2      | Reached skill level 1 in Translocations
  1068 | D:2      | Reached skill level 1 in Fire Magic
  1068 | D:2      | Reached skill level 1 in Ice Magic
  1068 | D:2      | Reached skill level 1 in Air Magic
  1068 | D:2      | Reached skill level 1 in Earth Magic
  1068 | D:2      | Reached skill level 1 in Alchemy
  1241 | D:2      | Noticed Jessica
  1246 | D:2      | Killed Jessica
  1247 | D:2      | Reached XP level 5. HP: 41/41 MP: 7/7
  1519 | D:3      | Found an iron altar of Okawaru.
  1568 | D:3      | You fall into a shaft and drop 1 floor!
  1647 | D:4      | Found a radiant altar of Vehumet.
  1791 | D:3      | Noticed Ijyb
  1807 | D:3      | Killed Ijyb
  1808 | D:3      | Reached XP level 6. HP: 22/47 MP: 8/8
  1900 | D:3      | Noticed Grinder
  1919 | D:3      | Reached skill level 5 in Dodging
  1958 | D:3      | Paralysed by Grinder for 5 turns
  1968 | D:3      | Killed Grinder
  1969 | D:3      | Reached XP level 7. HP: 46/52 MP: 8/10
  2271 | D:3      | Found a bloodstained altar of Trog.
  2296 | D:3      | Found a shimmering blue altar of Sif Muna.
  2300 | D:3      | Got Sif Muna's Lectures on the Tundra
  3122 | D:4      | Found a snail-covered altar of Cheibriados.
  3133 | D:4      | Found a glowing golden altar of the Shining One.
  3324 | D:5      | Entered Level 5 of the Dungeon
  3371 | D:5      | Found Laelea's Book Boutique.
  3393 | D:5      | Reached XP level 8. HP: 50/60 MP: 12/12
  3561 | D:5      | Found a staircase to the Ecumenical Temple.
  3577 | Temple   | Entered the Ecumenical Temple
  3590 | Temple   | Became a worshipper of Elyvilon the Healer
  3621 | D:5      | Noticed Dowan
  3622 | D:5      | Noticed Duvessa
  3633 | D:5      | Killed Duvessa
  3640 | D:5      | Killed Dowan
  3916 | D:6      | Found Veodyxon's Armour Emporium.
  4304 | D:6      | HP: 1/61 [something] (11)]
  4307 | D:6      | Killed from afar by a steam dragon

Illustrated notes

Levels and vault maps discovered:
D:1:      minmay_arrival_loop, layout_basic, chequers_serial_rivers_small_b
D:2:      layout_basic, grunt_ministairs_10, uniq_jessica
D:3:      wad_pebble_path, layout_rooms, nzn_overflow_gifts_of_might_and_magic,
          lemuel_crystal_altar, nicolae_concentric_dashed_squares_wild,
          minmay_fractal_squares_diagonal_5, uniq_ijyb, uniq_grinder
D:4:      layout_basic, vehumet_altar_wand_db, jmf_multi_god_temple2
D:5:      layout_rooms, minmay_temple_entry_ruins, serial_shops,
          nicolae_shop_tiny_statue_garden, minmay_misc_feat_iff, uniq_duvessa
D:6:      layout_basic, serial_shops, nicolae_stop_n_shop_1
Temple:   compressed_dpeg_triangle_lava_temple

Skill      XL: |  1  2  3  4  5  6  7  8 |
---------------+-------------------------+-----
Invocations    | 1 2 3 4 |  4.2
Short Blades   | 1 2 3 |  3.8
Long Blades    | 1 2 3 |  3.8
Axes           | 1 2 3 |  3.8
Maces & Flails | 1 2 3 |  3.8
Polearms       | 1 2 3 |  3.8
Staves         | 1 2 3 |  3.8
Ranged Weapons | 1 2 3 |  3.8
Throwing       | 1 2 3 |  3.8
Armour         | 1 2 3 |  3.8
Stealth        | 1 2 3 |  3.8
Shields        | 1 2 3 |  3.8
Spellcasting   | 1 2 3 |  3.8
Evocations     | 1 2 3 |  3.8
Conjurations   | 1 2 3 |  3.1
Hexes          | 1 2 3 |  3.1
Summonings     | 1 2 3 |  3.1
Necromancy     | 1 2 3 |  3.1
Translocations | 1 2 3 |  3.1
Fire Magic     | 1 2 3 |  3.1
Ice Magic      | 1 2 3 |  3.1
Air Magic      | 1 2 3 |  3.1
Earth Magic    | 1 2 3 |  3.1
Alchemy        | 1 2 3 |  3.1
Fighting       | 3 4 |  4.6
Dodging        | 5 6 |  6.0
Unarmed Combat | 7 |  7.6
Shapeshifting  | 7 |  7.4

Action                     |  1- 3 |  4- 6 |  7- 9 || total
---------------------------+-------+-------+-------++-------
  Melee: Unarmed           |    49 |   108 |   159 ||   316
         Bite              |     2 |     5 |    18 ||    25
         Punch             |     2 |     2 |       ||     4
  Evoke: Wand              |       |     3 |     1 ||     4
    Use: Scroll            |       |       |     5 ||     5
   Stab: Sleeping          |       |     2 |       ||     2
 Armour: Ring mail         |    20 |    35 |       ||    55
         Leather armour    |       |    10 |       ||    10
         Skin              |       |       |    46 ||    46
  Dodge: Dodged            |    20 |    77 |   148 ||   245
         Repelled          |       |       |     2 ||     2
   Form: Flux              |       |       |     2 ||     2
         Beast             |       |       |     1 ||     1
